 Dungeon Crawl Stone Soup version 0.15.0-23-gc2b521c (webtiles) character file.

19849 Nebuchadnezzar the Basher (level 12, 0/93 (97) HPs)
             Began as a Demonspawn Berserker on Sept 9, 2014.
             Was a High Priest of Trog.
             Slain by a blink frog (10 damage)
             ... on Level 5 of the Lair of Beasts.
             The game lasted 00:43:52 (15923 turns).

Nebuchadnezzar the Basher (Demonspawn Berserker)   Turns: 15923, Time: 00:43:52

HP   0/93 (97)   AC 23     Str 21      XL: 12   Next: 40%
MP  12/12        EV  6     Int 14      God: Trog [*****.]
Gold 770         SH  0     Dex 14      Spells:  0 memorised, 11 levels left

rFire  + . .     SeeInvis .     O - +2 whip (elec)
rCold  + . .     Clarity  .     Q - +1 plate armour
rNeg   . . .     rCorr    .     (no shield)
rPois  .         rRot     .     (helmet restricted)
rElec  .         Spirit   .     h - +0 cloak
SustAb .         Warding  .     r - +0 pair of gloves
rMut   .         Stasis   .     u - +1 pair of boots
Gourm  .                        l - amulet of Fuqecoh {+Rage +Fly rC+}
MR     .....                    x - ring "Pniuzxan" {+Fly Stlth-}
                                o - +5 ring of intelligence

@: not resistant to hostile enchantments, extremely unstealthy
A: antennae 2, yellow scales 1, fire resistance 1, powered by death 3, flame
cloud immunity
a: Burn Spellbooks, Berserk, Trog's Hand, Brothers in Arms, Renounce Religion,
Evoke Berserk Rage, Evoke Flight


You were on level 5 of the Lair of Beasts.
You worshipped Trog.
Trog was extremely pleased with you.
You were not hungry.

You visited 2 branches of the dungeon, and saw 14 of its levels.

You collected 770 gold pieces.

Inventory:

Hand weapons
 O - a +2 whip of electrocution (weapon)
 S - a +6 longbow of flaming
Missiles
 m - 237 arrows
 T - 6 curare-tipped needles
Armour
 h - a +0 cloak (worn)
 r - a +0 pair of gloves (worn)
 u - a +1 pair of boots (worn)
 Q - a +1 plate armour (worn)
Magical devices
 w - a wand of disintegration (8)
 D - a wand of fire (8)
 F - a wand of polymorph (6)
 I - a wand of fireball (3)
 J - a wand of lightning (5)
Comestibles
 a - 3 beef jerkies
 b - 3 bread rations
 c - a slice of pizza
 g - 8 meat rations
 E - 3 chunks of crocodile flesh
Scrolls
 d - 2 scrolls of recharging
 n - a scroll of fog
 s - 2 scrolls of enchant armour
 y - 3 scrolls of fear
 z - 8 scrolls of remove curse
 B - 6 scrolls of teleportation
 M - 2 scrolls of blinking
 V - 5 scrolls of identify
Jewellery
 e - an uncursed ring of stealth
 l - the amulet of Fuqecoh (around neck) {+Rage +Fly rC+}
   (You acquired it on level 6 of the Dungeon)

   [amulet of rage]

   It protects you from cold.
   It lets you fly.
   It lets you go berserk.
 o - a +5 ring of intelligence (left hand)
 p - a +2 ring of dexterity
 x - the ring "Pniuzxan" (right hand) {+Fly Stlth-}
   (You found it on level 7 of the Dungeon)

   [ring of flight]

   It lets you fly.
   It makes you less stealthy.
 A - an uncursed ring of ice
 C - an uncursed amulet of stasis
Potions
 f - 6 potions of heal wounds
 i - 2 potions of lignification
 j - a potion of porridge
 k - 4 potions of agility
 q - 2 potions of curing
 t - a potion of flight
 v - 3 potions of cure mutation
 K - 2 potions of resistance


   Skills:
 - Level 10.3 Fighting
 * Level 13.3 Maces & Flails
 - Level 10.4 Armour
 - Level 1.7 Dodging


You had 11 spell levels left.
You didn't know any spells.

Dungeon Overview and Level Annotations

Branches:
Dungeon (9/15)             Temple (0/1) D:5            Lair (5/8) D:9
  Snake (0/5) Lair:3
    Orc: D:9-12       Swamp: Lair:3-6    Shoals: Lair:3-6

Altars:
Ashenzari
Elyvilon
Kikubaaqudgha
Qazlal
Sif Muna
Xom

Shops:
D:8 *


Innate Abilities, Weirdness & Mutations

You have a pair of antennae on your head.
You are partially covered in yellow scales (AC +2).
Your flesh is heat resistant.
You can steal the life force of all defeated enemies in sight.
You are immune to clouds of flame.


Message History

The blink frog hits you!
* * * LOW HITPOINT WARNING * * *
The blink frog hits you but does no damage.
The blink frog hits you.
* * * LOW HITPOINT WARNING * * *
The blink frog blinks!
The blink frog hits you.
* * * LOW HITPOINT WARNING * * *
There is a stone staircase leading up here.
You hit the blink frog.
The blink frog is lightly wounded.
The blink frog blinks!
You whack the blink frog!
You kill the blink frog!
Trog accepts your kill. The blink frog barely misses you.
You miss the blink frog.
The blink frog is lightly wounded.
The blink frog hits you!
You die...

...#.................#
...+..>.8..#.........♣♣
#........#.####...##..♣♣♣#
#..#..8..######...#...≈♣≈♣#
..##.##.#.#.P##..#.....PP≈♣##
.......................≈≈≈≈≈#
........................P≈≈♣#
.#..............F......≈P≈≈♣
##.#............@..§...PP≈♣#
#..P.................P.≈≈♣#
...P.......P..##......#≈##
...........#.##...#....##
.....................P##
.................#....###
...........P.....#......#
...PP .....[.....#....###
.#.#♣♣♣....##P.#.#....#


You could see a blink frog.

Vanquished Creatures
  Snorg (Lair:3)
  A hydra (Lair:3)
  A catoblepas (Lair:1)
  The ghost of BoredOne the Chopper, an experienced CeBe of Trog (D:6)
  Pikel (D:6)
  An ugly thing (D:9)
  2 black mambas
  5 spiny frogs
  The ghost of Impy the Covered, an experienced DsWn of Qazlal (D:5)
  A fire drake (Lair:5)
  18 blink frogs
  2 ravens (Lair:5)
  A two-headed ogre (D:9)
  2 basilisks
  A hungry ghost (D:9)
  A steam dragon (Lair:4)
  3 hippogriffs
  A hill giant skeleton (D:8)
  2 soldier ants (D:8)
  Edmund (D:6)
  4 nagas (Lair:3)
  2 water moccasins
  2 orc warriors (D:7)
  8 porcupines
  An ice beast (D:6)
  3 slaves (D:6)
  A spider (D:8)
  2 sky beasts
  5 centaurs
  2 phantoms
  5 ogres
  8 necrophages
  5 crocodiles
  11 giant frogs
  9 big kobolds (D:8)
  Blork the orc (D:6)
  A hippogriff zombie (D:9)
  2 scorpions
  A troll zombie (D:9)
  4 jellies
  4 killer bees (D:8)
  4 crimson imps
  6 hounds
  2 goliath beetles
  5 orc priests
  A centaur skeleton (D:8)
  7 iguanas
  6 orc wizards
  9 worker ants
  Ijyb (D:4)
  A big kobold skeleton (D:6)
  A hound skeleton (D:8)
  Terence (D:2)
  3 gnolls (D:4)
  23 adders
  35 green rats
  3 shadow imps
  2 giant mites
  An inept item mimic (D:2)
  6 worms
  2 giant geckos
  An ooze (D:2)
  41 orcs
  5 bats
  4 giant cockroaches
  A giant mite zombie (D:7)
  15 hobgoblins
  9 quokkas
  2 ball pythons (D:4)
  A giant gecko skeleton (D:4)
  4 giant newts
  18 goblins
  A goblin skeleton (D:5)
  A hobgoblin skeleton (D:9)
  A hobgoblin zombie (D:5)
  2 jackals (D:4)
  19 kobolds
  An orc skeleton (D:6)
  20 rats
  A bush (D:7)
  A plant (Lair:3)
395 creatures vanquished.

Vanquished Creatures (collateral kills)
  A fire dragon (Lair:3)
  An electric eel (Lair:3)
2 creatures vanquished.

Vanquished Creatures (others)
  A slave (D:6)
  2 adders
  A steam dragon skeleton (D:6)
4 creatures vanquished.

Grand Total: 401 creatures vanquished

Notes
Turn   | Place    | Note
--------------------------------------------------------------
     0 | D:1      | Nebuchadnezzar, the Demonspawn Berserker, began the quest for the Orb.
     0 | D:1      | Reached XP level 1. HP: 18/18 MP: 1/1
   388 | D:1      | Gained mutation: Your flesh is heat resistant. [demonic ancestry]
   388 | D:1      | Reached XP level 2. HP: 24/24 MP: 2/2
   599 | D:1      | Acquired Trog's second power
  1238 | D:1      | Gained mutation: You can steal the life force of nearby defeated enemies. [demonic ancestry]
  1238 | D:1      | Reached XP level 3. HP: 2/29 MP: 3/3
  1790 | D:2      | Reached skill level 4 in Maces & Flails
  1992 | D:2      | Noticed Terence
  1997 | D:2      | Killed Terence
  1997 | D:2      | Gained mutation: You are immune to clouds of flame. [demonic ancestry]
  1997 | D:2      | Reached XP level 4. HP: 21/35 MP: 4/4
  2669 | D:3      | Reached skill level 5 in Maces & Flails
  2814 | D:3      | Found a shimmering altar of Xom.
  2848 | D:3      | Reached XP level 5. HP: 38/41 MP: 5/5
  3018 | D:3      | Found a deep blue altar of Sif Muna.
  3379 | D:4      | Noticed Ijyb
  3406 | D:4      | Acquired Trog's third power
  3477 | D:4      | Killed Ijyb
  3533 | D:4      | Reached skill level 6 in Maces & Flails
  3622 | D:4      | Reached XP level 6. HP: 43/47 MP: 6/6
  3745 | D:4      | Noticed a phantom
  3782 | D:4      | Killed a phantom
  3872 | D:4      | Found a white marble altar of Elyvilon.
  3873 | D:4      | Found an ancient bone altar of Kikubaaqudgha.
  3908 | D:4      | Reached skill level 7 in Maces & Flails
  4172 | D:5      | Entered Level 5 of the Dungeon
  4175 | D:5      | Found a staircase to the Ecumenical Temple.
  4199 | D:5      | Reached XP level 7. HP: 40/52 MP: 7/7
  4402 | D:5      | Noticed Impy's ghost (experienced DsWn)
  4416 | D:5      | Killed Impy's ghost
  4416 | D:5      | Reached skill level 8 in Maces & Flails
  4667 | D:5      | Reached skill level 9 in Maces & Flails
  4667 | D:5      | Gained mutation: You can steal the life force of defeated enemies. [demonic ancestry]
  4667 | D:5      | Reached XP level 8. HP: 58/58 MP: 8/8
  5620 | D:6      | Reached skill level 10 in Maces & Flails
  5686 | D:6      | Noticed Blork the orc
  5688 | D:6      | Killed Blork the orc
  5737 | D:6      | Noticed BoredOne's ghost (experienced CeBe)
  5748 | D:6      | Killed BoredOne's ghost
  5748 | D:6      | Reached skill level 5 in Armour
  5748 | D:6      | Gained mutation: You have a pair of small antennae on your head. [demonic ancestry]
  5748 | D:6      | Reached XP level 9. HP: 46/63 MP: 9/9
  5889 | D:6      | Noticed Pikel
  5950 | D:6      | Killed Pikel
  6318 | D:6      | Noticed Edmund
  6340 | D:6      | Killed Edmund
  6519 | D:6      | Received a gift from Trog
  6833 | D:6      | Identified a scroll of acquirement
  6834 | D:6      | Got a shimmering diamond amulet
  6835 | D:6      | Identified the amulet of Fuqecoh {+Rage +Fly rC+} (You acquired it on level 6 of the Dungeon)
  7352 | D:7      | Got a smoking brass ring
  7373 | D:7      | Identified the ring "Pniuzxan" {+Fly Stlth-} (You found it on level 7 of the Dungeon)
  8264 | D:8      | Gained mutation: You can steal the life force of all defeated enemies in sight. [demonic ancestry]
  8264 | D:8      | Reached XP level 10. HP: 65/70 MP: 10/10
  8320 | D:8      | Found a stormy altar of Qazlal.
  8664 | D:8      | Found Thaim's General Store.
  8807 | D:8      | Reached skill level 10 in Armour
  9027 | D:8      | Received a gift from Trog
  9664 | D:9      | Found a white marble altar of Elyvilon.
  9668 | D:9      | Reached skill level 5 in Fighting
  9738 | D:9      | Found a shattered altar of Ashenzari.
  9764 | D:9      | Noticed a red ugly thing
  9776 | D:9      | Killed a red ugly thing
 10061 | D:9      | Found a staircase to the Lair.
 10261 | Lair:1   | Entered Level 1 of the Lair of Beasts
 10379 | Lair:1   | Noticed a black mamba
 10396 | Lair:1   | Killed a black mamba
 10630 | Lair:1   | Gained mutation: You are partially covered in yellow scales (AC +2). [demonic ancestry]
 10630 | Lair:1   | Reached XP level 11. HP: 77/85 MP: 11/11
 10742 | Lair:1   | Noticed a catoblepas
 10789 | Lair:1   | Killed a catoblepas
 12092 | Lair:2   | Received a gift from Trog
 12092 | Lair:2   | Reached skill level 10 in Fighting
 12138 | Lair:2   | Got a transparent quarterstaff {god gift}
 12139 | Lair:2   | Identified the +2 quarterstaff of Chie {crush, rElec rPois Stlth-} (Trog gifted it to you on level 2 of the Lair of Beasts)
 12758 | Lair:3   | Found a staircase to the Snake Pit.
 12901 | Lair:3   | Noticed a fire dragon
 12926 | Lair:3   | Killed a fire dragon
 12926 | Lair:3   | Reached skill level 11 in Maces & Flails
 13059 | Lair:3   | Noticed Snorg
 13074 | Lair:3   | Killed Snorg
 13411 | Lair:3   | Noticed an eight-headed hydra
 13420 | Lair:3   | Killed an eight-headed hydra
 13547 | Lair:3   | Reached skill level 12 in Maces & Flails
 13547 | Lair:3   | Gained mutation: You have a pair of antennae on your head. [demonic ancestry]
 13547 | Lair:3   | Reached XP level 12. HP: 87/93 MP: 12/12
 14905 | Lair:4   | Received a gift from Trog
 15443 | Lair:5   | Reached skill level 13 in Maces & Flails
 15923 | Lair:5   | Slain by a blink frog

Action                   |  1- 3 |  4- 6 |  7- 9 | 10-12 || total
-------------------------+-------+-------+-------+-------++-------
Melee: Mace              |   104 |       |       |       ||   104
       War axe           |     9 |   181 |   150 |       ||   340
       Whip              |       |       |   222 |  1002 ||  1224
 Fire: Longbow           |       |       |       |    44 ||    44
Invok: Berserk           |       |       |     3 |     1 ||     4
       Brothers in Arms  |       |       |       |     1 ||     1
       Burn Spellbooks   |       |       |       |     2 ||     2
Evoke: Wand              |       |     1 |     8 |     6 ||    15
  Use: Scroll            |     5 |     8 |     5 |     6 ||    24
       Potion            |       |       |     1 |     3 ||     4
  Eat: Chunk             |     3 |     8 |     9 |    18 ||    38
       Fruit             |       |       |     3 |       ||     3
       Beef jerky        |       |       |     2 |       ||     2
       Pizza             |       |       |     1 |     1 ||     2
